 Dungeon Crawl Stone Soup version 0.28-a0-1555-g9ae15a6949 (webtiles) character file.

Game seed: 17128130029236599089

2 psuckher the Sneak (level 1, 0/19 HPs)
             Began as a Barachi Delver on Jan 18, 2022.
             Slain by an adder skeleton (3 damage)
             ... on level 4 of the Dungeon.
             The game lasted 00:00:30 (32 turns).

psuckher the Sneak (Barachi Delver)                   Turns: 32, Time: 00:00:30

Health: 0/19       AC:  3    Str: 13    XL:     1   Next: 40%
Magic:  1/1        EV: 12    Int: 10    God:
Gold:   0          SH:  0    Dex: 13    Spells: 0/0 levels left

rFire   . . .      SeeInvis .   a - +0 short sword
rCold   . . .      Faith    .   (no shield)
rNeg    . . .      Spirit   .   b - +0 leather armour
rPois   .          Reflect  .   (no helmet)
rElec   .          Harm     .   (no cloak)
rCorr   .          Rampage  .   (no gloves)
Will    .....                   (no boots)
Stlth   ++........              (no amulet)
HPRegen 0.06/turn               (no ring)
MPRegen 0.07/turn               (no ring)

@: slow
A: amphibious, slowness 1, strong legs 1, +LOS
a: Hop


You were on level 4 of the Dungeon.
You visited 1 branch of the dungeon, and saw 2 of its levels.

Inventory:

Hand Weapons
 a - a +0 short sword (weapon)
Armour
 b - a +0 leather armour (worn)
Wands
 g - a wand of digging (3)
Scrolls
 c - a scroll of fog
 d - a scroll of magic mapping
Potions
 f - a potion of haste


   Skills:
 + Level 3.6 Fighting
 + Level 2.2 Short Blades
 + Level 2.2 Dodging
 + Level 4.6 Stealth


You couldn't memorise any spells.
You didn't know any spells.
Your spell library was empty.

Dungeon Overview and Level Annotations

Branches:
Dungeon (5/15)
 Temple: D:4-7

Altars:
Elyvilon
Ru
Wu Jian


Innate Abilities, Weirdness & Mutations

You are amphibious.
You cover ground slowly.
You can hop short distances.
You have an extended range of vision and can be seen from far away.


Message History

An adder comes into view.
Found an ornate altar of the Wu Jian Council.
The helpless dart slug fails to defend itself.
You puncture the dart slug!
You kill the dart slug!
A goblin comes into view. It is wielding a +0 dagger.
Found 10 gold pieces.
The adder hisses angrily.
The goblin shouts!
The adder bites you. The adder barely misses you.
You barely miss the adder. The adder bites you.
You are poisoned.
The adder poisons you!
You hit the adder but do no damage.
You feel sick. The adder bites you.
You hit the adder.
The adder is heavily wounded.
You feel sick.
An adder skeleton comes into view.
The adder bites you.
You closely miss the adder.
The adder is heavily wounded.
You feel sick. The adder bites you. The goblin barely misses you.
The adder closely misses you.
You closely miss the adder.
The adder is heavily wounded.
You feel sick. The goblin hits you with a +0 dagger.
* * * LOW HITPOINT WARNING * * *
The adder closely misses you.
As you read the scroll of fear, it crumbles to dust.
You assume a fearsome visage.
The goblin looks frightened!
The adder skeleton is unaffected.
The adder looks frightened!
You feel sick.
You feel sick.
You feel sick.
You are no longer poisoned.
You see here 11 gold pieces.
You hit the adder skeleton but do no damage.
The adder skeleton closely misses you.
You hit the adder skeleton. Your punch misses the adder skeleton.
The adder skeleton is moderately damaged.
The adder skeleton bites you.
You die...

...# #############
..# #...........#
..###...........#
..#..._8_.......#
#.#...._.@......#
#.#......Z......#
#.#.............#
#.#.............#
#>..............S.
#.#######.......##
#.# .....#### #..
.###..$ ### # ###.


You could see an adder (fleeing) and an adder skeleton.

Vanquished Creatures
  A dart slug (D:4)
1 creature vanquished.

Notes
Turn   | Place    | Note
-------+----------+-------------------------------------------
     0 | D:5      | psuckher the Barachi Delver began the quest for the Orb.
     0 | D:5      | Reached XP level 1. HP: 18/18 MP: 1/1
    13 | D:4      | Found a sacrificial altar of Ru.
    13 | D:4      | Found a white marble altar of Elyvilon.
    14 | D:4      | Found an ornate altar of the Wu Jian Council.
    32 | D:4      | Slain by an adder skeleton

Illustrated notes

Levels and vault maps discovered:
D:4:      nicolae_cairo_tiling, layout_basic,
          chequers_temple_overflow_statue_of_worship,
          chequers_serial_rivers_micro_d
D:5:      layout_basic, grunt_temple_overflow_open,
          minmay_temple_entry_crystal_x, uniq_duvessa

Action                   || total
-------------------------++-------
Melee: Short sword       ||     8
  Use: Scroll            ||     1
 Stab: Sleeping          ||     1
Dodge: Dodged            ||     5

Table legend: (Time is in decaauts)
 A = Elapsed time spent in this place.
 B = Non-inter-level travel time spent in this place.
 C = Inter-level travel time spent in this place.
 D = Time resting spent in this place.
 E = Time spent auto-exploring this place.
 F = Levels seen in this place.
 G = Mean time per level.
                   A        B        C        D        E       F      G
               +--------+--------+--------+--------+--------+-----+--------+
         Total |     36 |     36 |      0 |      0 |      0 |   2 |   18.0 |
       Dungeon |     36 |     36 |      0 |      0 |      0 |   2 |   18.0 |
               +--------+--------+--------+--------+--------+-----+--------+

Top non-repeatable levels by time:
     D:4: 20 daAuts
     D:5: 15 daAuts
